 Dungeon Crawl Stone Soup version 0.26-a0-651-gb41185065b (webtiles) character file.

Game seed: 17398514882824965956

36921 bencompany the Protected (level 13, 0/119 HPs)
             Began as a Minotaur Berserker on Oct 12, 2020.
             Was a High Priest of Trog.
             Slain by a six-headed hydra (1 damage)
             ... on level 1 of the Swamp.
             The game lasted 01:08:44 (18353 turns).

bencompany the Protected (Minotaur Berserker)      Turns: 18353, Time: 01:08:45

Health: 0/119      AC: 25    Str: 26    XL:     13   Next: 55%
Magic:  0/12       EV: 15    Int:  4    God:    Trog [*****.]
Gold:   603        SH:  0    Dex: 11    Spells: 12/12 levels left

rFire    . . .     SeeInvis .   a - +5 trident
rCold    + . .     Faith    .   C - +0 buckler
rNeg     . . .     Spirit   +   W - +6 plate armour {rPois}
rPois    +         Reflect  .   (helmet restricted)
rElec    .         Harm     .   d - +0 cloak
rCorr    .         Rampage  .   (no gloves)
MR       ++...                  P - +0 pair of boots
Stlth    ..........             R - amulet of guardian spirit
HPRegen  1.29/turn              l - ring of protection from cold
MPRegen  0.13/turn              Q - +4 ring of evasion

@: confused, flying, regenerating
A: retaliatory headbutt, horns 2
a: Berserk, Trog's Hand, Brothers in Arms, Renounce Religion


You were on level 1 of the Swamp.
You worshipped Trog.
Trog was extremely pleased with you.
You visited 4 branches of the dungeon, and saw 17 of its levels.

You collected 979 gold pieces.
You spent 376 gold pieces at shops.

Inventory:

Hand Weapons
 a - a +5 trident (weapon)
 z - a +2 flail of protection
 E - a +0 trident
 M - a +1 mace of holy wrath
 O - a +1 hand axe of holy wrath
 T - a +1 antimagic flail
 V - a +0 vorpal demon whip
Missiles
 h - 613 stones (quivered)
 v - 6 boomerangs of dispersal
Armour
 d - a +0 cloak (worn)
 y - a +2 leather armour of fire resistance
 C - a +0 buckler (worn)
 P - a +0 pair of boots (worn)
 W - a +6 plate armour of poison resistance (worn)
Jewellery
 b - an uncursed ring of protection from cold
 k - an uncursed ring of stealth
 l - a ring of protection from cold (left hand)
 s - an uncursed ring of teleportation
 Q - a +4 ring of evasion (right hand)
 R - an amulet of guardian spirit (around neck)
 U - an uncursed ring of ice
 X - an uncursed ring of wizardry
Wands
 f - a wand of enslavement (14)
 o - a wand of iceblast (13)
 r - a wand of polymorph (8)
 t - a wand of paralysis (18)
 B - a wand of digging (13)
Scrolls
 g - 5 scrolls of teleportation
 A - a scroll of vulnerability
 D - 3 scrolls of identify
 F - 8 scrolls of remove curse
 H - 2 scrolls of magic mapping
 L - 3 scrolls of random uselessness
 S - 2 scrolls of fog
 Y - a scroll of enchant armour
Potions
 c - 3 potions of flight
 e - 3 potions of cancellation {unknown}
 i - 8 potions of ambrosia
 j - 2 potions of might {unknown}
 m - 3 potions of brilliance {unknown}
 n - 4 potions of degeneration {unknown}
 p - 6 potions of curing {unknown}
 q - 3 potions of berserk rage {unknown}
 u - 2 potions of resistance {unknown}
 w - 2 potions of magic {unknown}
 x - a potion of lignification {unknown}
 G - 4 potions of stabbing
 J - a potion of mutation {unknown}
 K - 3 potions of haste {unknown}
Miscellaneous
 N - a condenser vane (2/2)


   Skills:
 + Level 12.3 Fighting
 - Level 8.3 Maces & Flails
 + Level 13.4 Polearms
 - Level 2.3 Throwing
 + Level 14.5 Armour
 + Level 7.8 Dodging
 - Level 0.4 Stealth
 + Level 10.4 Shields
 - Level 0.6 Evocations


You had 12 spell levels left.
You didn't know any spells.
Your spell library contained the following spells:

 Spells                   Type           Power        Failure   Level
 Animate Skeleton         Necr           #.....       99%         1
 Apportation              Tloc           #.....       99%         1
 Corona                   Hex            #......      99%         1
 Sting                    Tmut/Pois      #...         99%         1
 Summon Small Mammal      Summ           #...         99%         1
 Ensorcelled Hibernation  Hex/Ice        #.....       99%         2
 Poisonous Vapours        Pois/Air       #.....       99%         2
 Confusing Touch          Hex            #.......     100%        3
 Dazzling Flash           Conj/Hex       #.....       100%        3
 Ignite Poison            Fire/Tmut/Pois #.......     100%        3
 Mephitic Cloud           Conj/Pois/Air  #.......     100%        3
 Tukima's Dance           Hex            #.......     100%        3
 Olgreb's Toxic Radiance  Pois           #.......     100%        4
 Irradiate                Conj/Tmut      #.........   100%        5
 Hydra Form               Tmut           #.........   100%        6
 Statue Form              Tmut/Erth      #........    100%        6
 Dragon Form              Tmut           #.........   100%        7


Dungeon Overview and Level Annotations

Branches:
Dungeon (10/15)            Temple (1/1) D:4            Lair (4/6) D:10
  Swamp (2/4) Lair:4
  Snake: Lair:2-4    Spider: Lair:2-4       Orc: D:9-12

Altars:
Ashenzari
Cheibriados
Dithmenos
Elyvilon
Fedhas
Gozag
Hepliaklqana
Kikubaaqudgha
Makhleb
Nemelex Xobeh
Okawaru
Qazlal
Ru
Sif Muna
Trog
Uskayaw
Vehumet
Wu Jian
Xom
Yredelemnul
Zin
The Shining One

Shops:
D:7 *

Portals:
Ice
Cave: Lair:2

Annotations:
D:7 2 transporters, donkeybrains's ghost, novice MiFi
D:10 exclusion: oklob plant


Innate Abilities, Weirdness & Mutations

You reflexively headbutt those who attack you in melee.
You have a pair of horns on your head.


Message History

The six-headed hydra bites you!
* * * LOW HITPOINT WARNING * * *
The cane toad barely misses you. You furiously retaliate!
You headbutt the cane toad.
Your troll goes berserk!
The six-headed hydra bites you but does no damage. x2
The six-headed hydra misses you.
The six-headed hydra completely misses you.
The six-headed hydra bites you but does no damage.
The six-headed hydra bites you.
* * * LOW HITPOINT WARNING * * *
The cane toad closely misses you.
Okay, then.
You are confused.
You feel invigorated. The six-headed hydra bites you!
* * * LOW HITPOINT WARNING * * *
The six-headed hydra bites you.
* * * LOW HITPOINT WARNING * * *
The six-headed hydra bites you.
You die...

♣♣≈♣≈♣...♣♣♣...≈≈≈♣.......≈.≈≈≈..
♣...........♣♣..≈♣♣#.###...≈≈≈≈.♣
♣♣.♣.≈.<..≈≈..≈♣♣..#...#.≈≈≈≈≈..≈
♣≈≈≈.≈≈≈≈....≈..#...#.≈≈≈.....
♣.≈≈≈≈≈≈≈≈≈.≈....#...#.≈≈..♣♣♣♣
♣.≈≈≈≈≈≈≈≈≈...≈≈≈♣...#.≈..♣♣
♣.≈≈≈≈≈≈≈≈.≈≈.≈≈≈♣♣♣.#§..♣♣
♣.≈≈≈≈≈≈≈≈.≈≈≈.DT#♣♣♣#♣♣♣♣
♣♣.≈≈≈≈≈≈.≈≈≈≈@k.....♣
♣♣..........F..≈♣≈..# ...≈)####.♣
♣ .≈.. ≈.♣ ≈≈≈ ♣♣ ≈♣


You could see a six-headed hydra, a cane toad, a swamp drake (catching breath)
and a friendly troll (summoned, berserk).

Vanquished Creatures
  5 hydras
  An ice dragon (Lair:4)
  A shambling mangrove (Swamp:1)
  2 two-headed ogres
  4 alligators (Swamp:1)
  2 swamp dragons
  9 cane toads
  2 rime drakes (Lair:4)
  4 komodo dragons
  A polar bear (Lair:4)
  A queen bee (D:10)
  2 trolls (D:9)
  4 tyrant leeches
  7 hornets
  A dream sheep (Lair:1)
  15 blink frogs
  4 bog bodies
  6 hippogriffs
  3 spriggans
  2 basilisks
  15 yaks
  6 swamp worms
  4 insubstantial wisps (Swamp:1)
  A soldier ant (D:10)
  3 vampire mosquitoes (Swamp:1)
  Menkaure (D:5)
  5 water moccasins
  5 porcupines
  A phantom (D:8)
  3 swamp drakes
  A hornet zombie (D:9)
  5 sky beasts
  2 black bears
  3 orc warriors
  7 ogres
  2 centaurs
  4 crocodiles
  A big kobold (D:9)
  10 bullfrogs
  A gnoll sergeant (D:7)
  5 scorpions
  41 killer bees
  A howler monkey (D:6)
  An electric eel (Lair:4)
  A jelly (D:10)
  2 bullfrog zombies
  9 hounds
  2 centaur zombies
  2 gnoll shamans
  7 orc priests
  A centaur skeleton (D:5)
  2 iguanas (D:5)
  9 worker ants
  11 orc wizards
  A killer bee zombie (D:7)
  2 hound zombies
  Robin (D:2)
  A howler monkey skeleton (D:8)
  15 gnolls
  10 adders
  2 shadow imps
  4 white imps
  An ufetubus (D:5)
  2 oozes
  An adder zombie (D:6)
  3 worms
  2 dart slugs (D:1)
  3 leopard geckos
  33 orcs
  4 ball pythons
  3 giant cockroaches
  9 goblins
  6 hobgoblins
  9 jackals
  11 kobolds
  8 quokkas
  6 bats
  5 frilled lizards
  A leopard gecko zombie (D:5)
  A quokka skeleton (D:6)
  A quokka zombie (D:8)
  11 rats
406 creatures vanquished.

Vanquished Creatures (collateral kills)
  A hydra (Swamp:1)
  Sonja (Lair:2)
  A cane toad (Lair:4)
  A hornet (Swamp:1)
  A spriggan (Swamp:1)
  8 yaks
  2 porcupines
  A swamp drake (Swamp:1)
  An ogre (D:9)
  A crocodile (Lair:2)
  An adder (D:9)
19 creatures vanquished.

Vanquished Creatures (others)
  9 fungi
  7 plants
16 creatures vanquished.

Grand Total: 441 creatures vanquished

Notes
Turn   | Place    | Note
-------+----------+-------------------------------------------
     0 | D:1      | bencompany the Minotaur Berserker began the quest for the
                  | Orb.
     0 | D:1      | Reached XP level 1. HP: 19/19 MP: 0/0
   327 | D:1      | Reached XP level 2. HP: 26/27 MP: 1/1
   840 | D:1      | Reached ** piety under Trog
   886 | D:2      | Reached XP level 3. HP: 30/34 MP: 2/2
  1350 | D:2      | Found a glowing golden altar of the Shining One.
  1351 | D:2      | Found a shimmering blue altar of Sif Muna.
  1498 | D:2      | Noticed Robin
  1515 | D:2      | Killed Robin
  1848 | D:3      | Reached XP level 4. HP: 37/41 MP: 3/3
  1857 | D:3      | Reached skill level 5 in Fighting
  2036 | D:3      | Reached skill level 3 in Armour
  2114 | D:3      | Reached skill level 5 in Polearms
  2117 | D:3      | Reached *** piety under Trog
  2117 | D:3      | Reached XP level 5. HP: 47/48 MP: 4/4
  2519 | D:4      | Reached skill level 4 in Armour
  2649 | D:4      | Found a basalt altar of Yredelemnul.
  2678 | D:4      | Reached XP level 6. HP: 53/56 MP: 5/5
  3004 | D:4      | Reached skill level 5 in Armour
  3126 | D:4      | Found a staircase to the Ecumenical Temple.
  3197 | Temple   | Entered the Ecumenical Temple
  3863 | D:5      | Entered Level 5 of the Dungeon
  3876 | D:5      | Reached XP level 7. HP: 63/63 MP: 6/6
  4070 | D:5      | Noticed Menkaure
  4078 | D:5      | Killed Menkaure
  4229 | D:5      | Reached skill level 1 in Throwing
  4229 | D:5      | Reached skill level 6 in Armour
  4229 | D:5      | Reached XP level 8. HP: 53/71 MP: 7/7
  4759 | D:6      | Reached **** piety under Trog
  4896 | D:6      | Found a snail-covered altar of Cheibriados.
  4932 | D:6      | Reached skill level 1 in Shields
  5062 | D:6      | Reached skill level 7 in Armour
  5452 | D:6      | Reached skill level 8 in Armour
  5981 | D:7      | Reached XP level 9. HP: 66/79 MP: 8/8
  6350 | D:7      | Noticed donkeybrains's ghost (novice MiFi)
  6376 | D:7      | Found a transporter.
  6393 | D:7      | Found a transporter.
  6416 | D:7      | Noticed a moth of wrath
  6707 | D:7      | Found a shimmering blue altar of Sif Muna.
  6843 | D:7      | Found Amiun's Assorted Antiques.
  6848 | D:7      | Bought an iron ring for 160 gold pieces
  6848 | D:7      | Bought a fizzy yellow potion for 28 gold pieces
  6848 | D:7      | Bought an inky potion for 28 gold pieces
  6848 | D:7      | Bought a lumpy ruby amulet for 160 gold pieces
  6898 | D:8      | Noticed a two-headed ogre
  6916 | D:8      | Killed a two-headed ogre
  6916 | D:8      | Reached skill level 9 in Armour
  6916 | D:8      | Reached skill level 5 in Shields
  7038 | D:8      | Reached skill level 10 in Armour
  7551 | D:8      | Reached ***** piety under Trog
  7551 | D:8      | Reached XP level 10. HP: 91/91 MP: 3/9
  7988 | D:9      | Reached skill level 1 in Maces & Flails
  8004 | D:9      | Reached skill level 5 in Dodging
  8177 | D:9      | Found a broken altar of Ashenzari.
  9038 | D:10     | Entered Level 10 of the Dungeon
  9098 | D:10     | Reached skill level 11 in Armour
  9303 | D:10     | Paralysed by a hornet for 2 turns
  9799 | D:10     | Noticed a two-headed ogre
  9815 | D:10     | Killed a two-headed ogre
  9815 | D:10     | Reached XP level 11. HP: 81/99 MP: 7/10
  9925 | D:10     | Noticed an oklob plant
  9997 | D:10     | Reached skill level 10 in Fighting
 11302 | D:10     | Found a staircase to the Lair.
 11346 | Lair:1   | Entered Level 1 of the Lair of Beasts
 11917 | Lair:1   | Reached skill level 5 in Maces & Flails
 11942 | Lair:1   | Reached skill level 12 in Armour
 11945 | Lair:1   | Reached ****** piety under Trog
 12617 | Lair:2   | Noticed Sonja
 12628 | Lair:2   | Found a frozen archway.
 12651 | Lair:2   | Killed Sonja
 12654 | Lair:2   | Received a gift from Trog
 13127 | Lair:2   | You fall into a shaft and drop 1 floor!
 13235 | Lair:3   | Reached XP level 12. HP: 103/108 MP: 9/11
 13373 | Lair:3   | Reached skill level 10 in Polearms
 14376 | Lair:4   | Noticed a five-headed hydra
 14387 | Lair:4   | Killed a five-headed hydra
 14387 | Lair:4   | Reached skill level 13 in Armour
 14465 | Lair:4   | Noticed an ice dragon
 14490 | Lair:4   | Killed an ice dragon
 15087 | Lair:4   | Found a staircase to the Swamp.
 15322 | Swamp:1  | Entered Level 1 of the Swamp
 15332 | Swamp:1  | Received a gift from Trog
 15345 | Swamp:1  | Noticed an alligator
 15361 | Swamp:1  | Killed an alligator
 15579 | Swamp:1  | Noticed a seven-headed hydra
 15589 | Swamp:1  | Killed a seven-headed hydra
 15830 | Swamp:1  | Noticed an alligator
 15830 | Swamp:1  | Noticed an alligator
 15844 | Swamp:1  | Killed an alligator
 15844 | Swamp:1  | Reached XP level 13. HP: 105/117 MP: 10/12
 16161 | Swamp:1  | Reached skill level 10 in Shields
 17000 | Swamp:1  | Reached skill level 14 in Armour
 18351 | Swamp:1  | HP: 5/119 [six-headed hydra (8)]
 18352 | Swamp:1  | HP: 2/119 [six-headed hydra (4)]
 18353 | Swamp:1  | Slain by a six-headed hydra

Illustrated notes

Levels and vault maps discovered:
D:1:      lightli_molten_gateway, layout_basic, serial_glass, glass_columns_a,
          glass_columns_a
D:2:      layout_loops_ring, gammafunk_temple_overflow_pools,
          minmay_strange_pillars, lightli_corner_chamber, uniq_robin
D:3:      layout_rooms, ebering_dispersal_statue_hall, grunt_decor_resistance
D:4:      layout_layer_cave, yredelemnul_altar_generic,
          minmay_temple_entry_proselytizer
D:5:      layout_cave_pools, uniq_menkaure
D:6:      layout_loops_ring, kennysheep_mini_moat,
          chequers_serial_rivers_large_b
D:7:      minmay_cornered_nines, layout_basic, serial_shops,
          kennysheep_little_box, gammafunk_ghost_berserking_beasts, basic_altar,
          minmay_door_square
D:8:      layout_loops_ring
D:9:      layout_basic, cheibrodos_ashenzari_chains
D:10:     layout_roguey [special_room_bee], dpeg_oklobed_lair, st_stairs_12,
          hangedman_decor_growths, minmay_chambers_of_fives
Temple:   hc_temple_tempest_star
Lair:1:   layout_roguey, grunt_forest_large_clearing_hut
Lair:2:   layout_concentric_octagons, portal_ice_cave_entry_pillars_1,
          grunt_megastairs_1, uniq_sonja
Lair:3:   layout_gridlike, grunt_megastairs_3
Lair:4:   dragon1_lemuel, layout_gridlike, nicolae_swamp_entry_splash_gauntlet,
          nicolae_spider_entry_non_spiders, chequers_serial_rivers_marsh
Swamp:1:  layout_basic_swamp, evilmike_swamp_ruin_house_6,
          infiniplex_staircase_pool
Swamp:2:  layout_basic_swamp, nicolae_swamp_very_dense_foliage,
          roderic_carrion_pond

Skill      XL: |  1  2  3  4  5  6  7  8  9 10 11 12 13 |
---------------+----------------------------------------+-----
Fighting       | 4 5 6 7 9 10 11 12 | 12.3
Polearms       | 4 5 6 7 8 9 12 13 | 13.4
Armour         | 3 4 5 6 8 10 11 12 13 14 | 14.5
Dodging        | 3 4 6 7 |  7.8
Throwing       | 1 2 |  2.3
Shields        | 3 5 7 8 9 10 | 10.4
Maces & Flails | 3 8 |  8.3
Stealth        | |  0.4
Evocations     | |  0.6

Action                   |  1- 3 |  4- 6 |  7- 9 | 10-12 | 13-15 || total
-------------------------+-------+-------+-------+-------+-------++-------
Melee: Spear             |   104 |   123 |   404 |   205 |       ||   836
       Headbutt          |    16 |    20 |   103 |   198 |    45 ||   382
       Flail             |       |       |    12 |   190 |       ||   202
       Hand axe          |       |       |       |   209 |       ||   209
       Trident           |       |       |       |   313 |   238 ||   551
       Unarmed           |       |       |       |     3 |       ||     3
       Demon whip        |       |       |       |    55 |       ||    55
Throw: Stone             |       |       |    25 |     8 |       ||    33
Invok: Trog's Hand       |       |     1 |       |     2 |     2 ||     5
       Berserk           |       |       |     2 |     3 |     4 ||     9
       Brothers in Arms  |       |       |       |     2 |     2 ||     4
Evoke: Wand              |       |       |     5 |    15 |       ||    20
  Use: Scroll            |     5 |     1 |     3 |    17 |     5 ||    31
       Potion            |       |     1 |     1 |     4 |     3 ||     9
 Stab: Paralysed         |       |       |       |     9 |       ||     9
Armor: Animal skin       |     3 |       |       |       |       ||     3
       Plate armour      |    60 |    57 |   181 |   446 |   142 ||   886
Dodge: Dodged            |    40 |    54 |   171 |   651 |   169 ||  1085
Block: Buckler           |       |       |    53 |   244 |    69 ||   366

Table legend: (Time is in decaauts)
 A = Elapsed time spent in this place.
 B = Non-inter-level travel time spent in this place.
 C = Inter-level travel time spent in this place.
 D = Time resting spent in this place.
 E = Time spent auto-exploring this place.
 F = Levels seen in this place.
 G = Mean time per level.
                   A        B        C        D        E       F      G
               +--------+--------+--------+--------+--------+-----+--------+
         Total |  18161 |  17867 |    294 |   4598 |   8812 |  17 | 1068.3 |
       Dungeon |  10939 |  10720 |    219 |   1928 |   5907 |  10 | 1093.9 |
        Temple |    253 |    237 |     16 |      0 |    179 |   1 |  253.0 |
          Lair |   3956 |   3898 |     58 |   1034 |   1915 |   4 |  989.0 |
         Swamp |   3010 |   3010 |      0 |   1636 |    810 |   2 | 1505.0 |
               +--------+--------+--------+--------+--------+-----+--------+

Top non-repeatable levels by time:
    D:10: 2277 daAuts
 Swamp:1: 2238 daAuts
  Lair:1: 1282 daAuts
     D:6: 1248 daAuts
     D:9: 1234 daAuts
     D:4: 1223 daAuts
  Lair:4: 1167 daAuts
     D:7: 1051 daAuts
  Lair:3: 980 daAuts
     D:2: 885 daAuts
     D:1: 875 daAuts
     D:8: 857 daAuts
 Swamp:2: 772 daAuts
     D:5: 691 daAuts
     D:3: 594 daAuts
